 Dungeon Crawl Stone Soup version 0.22-a0-284-g99d1f7439c (webtiles) character file.

158 FollowTheCloud the Firebug (level 5, -8/38 HPs)
             Began as a Draconian Fire Elementalist on Mar 22, 2018.
             Killed from afar by thing2's ghost (20 damage)
             ... with a stone arrow
             ... on level 3 of the Dungeon.
             The game lasted 00:05:28 (2347 turns).

FollowTheCloud the Firebug (DrFE)                   Turns: 2347, Time: 00:05:29

Health: -8/38      AC:  6    Str: 10    XL:     5   Next: 16%
Magic:  4/9        EV: 12    Int: 17    God:
Gold:   137        SH:  0    Dex: 11    Spells: 0/10 levels left

rFire    . . .     SeeInvis .   d - +2 dagger (venom)
rCold    . . .     Gourm    .   (no shield)
rNeg     . . .     Faith    .   (armour unavailable)
rPois    .         Spirit   .   (helmet restricted)
rElec    .         Reflect  .   c - +0 cloak
rCorr    .         Harm     .   (no gloves)
MR       .....                  (no boots)
Stlth    ++........             (no amulet)
HPRegen  0.12/turn              (no ring)
MPRegen  0.11/turn              (no ring)

@: no status effects
A: unfitting armour, cold-blooded, AC +5
a: no special abilities


You were on level 3 of the Dungeon.
You were not hungry.

You visited 1 branch of the dungeon, and saw 3 of its levels.

You collected 137 gold pieces.

Inventory:

Hand Weapons
 d - a +2 dagger of venom (weapon)
 l - a +1 dagger of speed
Armour
 c - a +0 cloak (worn)
 f - a +0 shield
Scrolls
 e - 3 scrolls of identify {unknown}
 g - a scroll of enchant weapon {unknown}
 h - 2 scrolls of teleportation {unknown}
 j - a scroll of immolation {unknown}
 k - a scroll of fear {unknown}
Potions
 a - 4 potions of might {unknown}
 i - 4 potions of curing {unknown}
Comestibles
 b - 3 rations


   Skills:
 - Level 1.7 Dodging
 - Level 1.7 Stealth
 + Level 3.0 Spellcasting
 * Level 3.5 Conjurations
 + Level 3.9 Fire Magic


You couldn't memorise any spells.
You knew the following spells:

 Your Spells              Type           Power        Failure   Level  Hunger
a - Flame Tongue          Conj/Fire      ###..        3%          1    None
b - Throw Flame           Conj/Fire      ###...       5%          2    ##.....
c - Conjure Flame         Conj/Fire      ###.....     11%         3    ###....
d - Sticky Flame          Conj/Fire      ###.....     36%         4    ####...


Dungeon Overview and Level Annotations

Branches:
Dungeon (3/15)

Altars:
Makhleb

Annotations:
D:3 thing2's ghost, amateur NaEE


Innate Abilities, Weirdness & Mutations

Your plain brown scales are hard. (AC +5)
You cannot fit into any form of body armour.
You are cold-blooded and may be slowed by cold attacks.


Message History

Confirm with . or Enter, or press ? or * to list all spells.
Aiming: Conjure Flame (safe; 11% risk of failure)
Press: ? - help, Dir - move target cursor The fire ignites!
Things that are here:
an adder corpse; a leopard gecko corpse Thing2's ghost hits you.
You see here a frilled lizard skeleton.
Thing2's ghost points at you and mumbles some strange words.
The blast of sand hits you!
* * * LOW HITPOINT WARNING * * *
Unknown command.
Thing2's ghost gestures at you while chanting.
The stone arrow misses you.
Things that are here:
an adder corpse; a leopard gecko corpse Thing2's ghost gestures at you while chanting.
The stone arrow hits you!
Ouch! That really hurt!
You die...

# .. ## %# #.. .#
#.########.##..
#.##..>.......
#.........#### ###
#.......@....# ....
#...#...#.##.##..$..
#..)#...#...........
#######...#...#W.#.#......
#.........#..)†....# .....
##.#####...#..##.#)# ....
#.####.......##.#)# ...
#...........###.#W# .(
#######.................l


You could see thing2's ghost.

Vanquished Creatures
  A bullfrog (D:2)
  3 adders
  2 dart slugs (D:1)
  2 leopard geckos
  2 orcs (D:3)
  3 giant cockroaches
  9 goblins
  5 hobgoblins
  7 jackals
  4 kobolds
  A quokka (D:2)
  8 bats
  6 frilled lizards
  2 rats
55 creatures vanquished.

Notes
Turn   | Place    | Note
-------+----------+-------------------------------------------
     0 | D:1      | FollowTheCloud the Draconian Fire Elementalist began the quest for the Orb.
     0 | D:1      | Reached XP level 1. HP: 14/14 MP: 3/3
    97 | D:1      | Reached XP level 2. HP: 18/20 MP: 1/5
   275 | D:1      | Learned a level 2 spell: Throw Flame
   877 | D:1      | Reached XP level 3. HP: 26/26 MP: 3/6
  1394 | D:2      | Noticed a bullfrog
  1403 | D:2      | Learned a level 3 spell: Conjure Flame
  1423 | D:2      | Killed a bullfrog
  1423 | D:2      | Reached XP level 4. HP: 33/33 MP: 0/8
  2072 | D:2      | Reached XP level 5. HP: 38/38 MP: 6/9
  2075 | D:2      | Found a burning altar of Makhleb.
  2301 | D:3      | Learned a level 4 spell: Sticky Flame
  2326 | D:3      | Noticed thing2's ghost (amateur NaEE)
  2347 | D:3      | Killed from afar by thing2's ghost

Vault maps used:
D:1:      sevenhm_arrival_forest_fort_small_4, corexii_corridor_pit,
          minmay_box_of_dots
D:2:      lemuel_round_altar
D:3:      lemuel_round_altar, first_ration

Skill      XL: |  1  2  3  4  5 |
---------------+----------------+-----
Conjurations   | 2 3 |  3.5
Spellcasting   | 3 |  3.0
Dodging        | |  1.7
Stealth        | |  1.7
Fire Magic     | |  3.9

Action                   |  1- 3 |  4- 6 || total
-------------------------+-------+-------++-------
Melee: Unarmed           |     5 |       ||     5
       Dagger            |     6 |    15 ||    21
       Tailslap          |     1 |     2 ||     3
 Cast: Flame Tongue      |    40 |    31 ||    71
       Throw Flame       |    10 |    11 ||    21
       Conjure Flame     |     1 |     1 ||     2
  Eat: Chunk             |     2 |     4 ||     6
Armor: Skin              |     7 |    11 ||    18
Dodge: Dodged            |    14 |    15 ||    29

Table legend:
 A = Spawn XP
 B = Non-spawn XP
 C = Spawn XP percentage of total XP
 D = Spawn monster count
 E = Non-spawn monster count
 F = Spawn count percentage of total count
 G = Total turns spent on level
                    A         B        C        D         E        F      G
               +---------+---------+-------+---------+---------+-------+---------
         Total |       0 |     226 |   0.0 |       0 |      55 |   0.0 |  2347
               +---------+---------+-------+---------+---------+-------+---------
           D:1 |       0 |      44 |   0.0 |       0 |      23 |   0.0 |  1152
           D:2 |       0 |     153 |   0.0 |       0 |      23 |   0.0 |  1004
           D:3 |       0 |      29 |   0.0 |       0 |       9 |   0.0 |   191
               +---------+---------+-------+---------+---------+-------+---------
